 Dungeon Crawl Stone Soup version 0.21.1-1-g345015f (webtiles) character file.

39397 lyrx the Imperceptible (level 13, -4/61 HPs)
             Began as a Spriggan Enchanter on Mar 3, 2018.
             Was an Elder of Dithmenos.
             Slain by a dream sheep (10 damage)
             ... on level 5 of the Lair of Beasts on Mar 4, 2018.
             The game lasted 02:51:18 (25003 turns).

lyrx the Imperceptible (Spriggan Enchanter)        Turns: 25003, Time: 02:51:19

Health: -4/61      AC:  4    Str: 11    XL:     13   Next: 69%
Magic:  13/30      EV: 28    Int: 18    God:    Dithmenos [****..]
Gold:   1243       SH:  0    Dex: 25    Spells: 15/36 levels left

rFire    . . .     SeeInvis +   R - +6 short sword "Zatokh" {pierce, Str+3 Int+2}
rCold    . . .     Gourm    .   (shield restricted)
rNeg     . . .     Faith    .   b - +0 robe
rPois    .         Spirit   .   (helmet restricted)
rElec    .         Reflect  +   x - +1 cloak
rCorr    .         Harm     .   (gloves unavailable)
MR       ++...                  (boots unavailable)
Stlth    ++++++++++             h - +2 amulet of reflection
HPRegen  0.20/turn              e - +4 ring of strength
MPRegen  0.22/turn              s - +5 ring of dexterity

@: sleeping, wreathed by umbra, very quick
A: very small, unfitting armour, see invisible, dopey 1, herbivore, speed 3,
slow metabolism 2, sturdy frame 1
a: Shadow Step, Renounce Religion


You were on level 5 of the Lair of Beasts.
You worshipped Dithmenos.
Dithmenos was greatly pleased with you.
You were not hungry.

You visited 3 branches of the dungeon, and saw 15 of its levels.
You also visited: Labyrinth and Ossuary.

You collected 1243 gold pieces.

Inventory:

Hand Weapons
 q - a +2 short sword of speed
 t - a cursed -3 rapier
 I - a +1 dagger of holy wrath
 L - a +4 dagger
 R - the +6 short sword "Zatokh" (weapon) {pierce, Str+3 Int+2}
   (You found it in a labyrinth)

   It inflicts extra damage upon your enemies.
   It affects your strength (+3).
   It affects your intelligence (+2).
Missiles
 D - 290 arrows
Armour
 b - a +0 robe (worn)
 x - a +1 cloak (worn)
Magical Staves
 E - an uncursed staff of cold {unknown}
Jewellery
 e - a +4 ring of strength (left hand)
 h - a +2 amulet of reflection (around neck)
 r - a +2 ring of protection
 s - a +5 ring of dexterity (right hand)
 H - an uncursed ring of teleportation
 J - an uncursed ring of fire
 N - an uncursed ring of positive energy
 U - an uncursed ring of protection from magic
Wands
 j - a wand of digging (6)
 y - a wand of polymorph (29)
Scrolls
 a - 2 scrolls of fear
 g - 2 scrolls of enchant armour
 k - a scroll of enchant weapon
 l - 7 scrolls of remove curse
 o - 9 scrolls of teleportation
 u - 7 scrolls of identify
 v - a scroll of amnesia
 C - a scroll of holy word
 K - 3 scrolls of magic mapping
 V - a scroll of fog
Potions
 i - a potion of haste
 m - 8 potions of curing
 n - 5 potions of brilliance
 p - 2 potions of agility
 w - 2 potions of magic
 z - a potion of flight
 A - a potion of mutation
 B - 3 potions of cancellation
 T - 2 potions of lignification
 W - a potion of might
Books
 c - a book of Maledictions

   Spells                             Type                      Level
   a - Corona                         Hexes                        1
   b - Ensorcelled Hibernation        Hexes/Ice                    2
   c - Confuse                        Hexes                        3
   d - Tukima's Dance                 Hexes                        3
   e - Dazzling Spray                 Conjuration/Hexes            3
 f - a book of Changes

   Spells                             Type                      Level
   a - Beastly Appendage              Transmutation                1
   b - Sticks to Snakes               Transmutation                2
   c - Spider Form                    Transmutation/Poison         3
   d - Ice Form                       Ice/Transmutation            4
   e - Blade Hands                    Transmutation                5
 G - a book of Conjurations

   Spells                             Type                      Level
   a - Magic Dart                     Conjuration                  1
   b - Searing Ray                    Conjuration                  2
   c - Dazzling Spray                 Conjuration/Hexes            3
   d - Fulminant Prism                Conjuration/Hexes            4
   e - Force Lance                    Conjuration/Translocation    4
   f - Iskenderun's Mystic Blast      Conjuration                  4
 O - the Compendium of Bewitchment
   (You found it in a labyrinth)

   Spells                             Type                      Level
   a - Corona                         Hexes                        1
   b - Inner Flame                    Hexes/Fire                   3
   c - Silence                        Hexes/Air                    5
   d - Darkness                       Hexes                        6
 Q - Idonk's Compendium of Dislocation
   (You found it in a labyrinth)

   Spells                             Type                      Level
   a - Shroud of Golubria             Charms/Translocation         2
   b - Blink                          Translocation                2
   c - Lesser Beckoning               Translocation                3
   d - Teleport Other                 Translocation                3
   e - Force Lance                    Conjuration/Translocation    4
   f - Malign Gateway                 Summoning/Translocation      7
   g - Controlled Blink               Translocation                8
Comestibles
 d - 13 rations


   Skills:
 + Level 3.9 Fighting
 + Level 8.5 Short Blades
 + Level 9.1 Dodging
 * Level 21.9 Stealth
 + Level 12.4 Spellcasting
 + Level 12.3 Hexes
 - Level 1.0 Ice Magic
 + Level 0.2 Evocations


You had 15 spell levels left.
You knew the following spells:

 Your Spells              Type           Power        Failure   Level  Hunger
a - Corona                Hex            ######.      1%          1    None
b - Ensorcelled Hibernat  Hex/Ice        #####.       1%          2    None
c - Confuse               Hex            ######..     1%          3    None
d - Dazzling Spray        Conj/Hex       ####..       1%          3    None
e - Fulminant Prism       Conj/Hex       ####......   4%          4    ##.....
f - Darkness              Hex            ######....   6%          6    ######.
g - Sticks to Snakes      Tmut           ##......     10%         2    None


Dungeon Overview and Level Annotations

Branches:
Dungeon (8/15)             Temple (1/1) D:7            Lair (6/6) D:8
 Shoals (0/4) Lair:4        Snake (0/4) Lair:3        Slime (0/5) Lair:5

Altars:
Ashenzari
Cheibriados
Dithmenos
Elyvilon
Fedhas
Gozag
Hepliaklqana
Kikubaaqudgha
Makhleb
Nemelex Xobeh
Okawaru
Qazlal
Ru
Sif Muna
Uskayaw
Vehumet
Wu Jian
Xom
Yredelemnul
Zin
The Shining One

Shops:
D:8 *


Innate Abilities, Weirdness & Mutations

You are very small and have problems with some larger weapons.
You are too small for most types of armour.
You have supernaturally acute eyesight. (SInv)
You are a herbivore.
You cover ground extremely quickly.
You need consume almost no food.
You are dopey. (Int -2)
Your movements are slightly less encumbered by armour. (ER -2)


Message History

The dream sheep bleats!
You can't go down here!
The dream sheep misses you. The dream sheep completely misses you.
The dream sheep bites you.
* * * LOW HITPOINT WARNING * * *
You climb upwards.
There is a stone staircase leading down, spattered with blood here.
The dream sheep shake their wool and sparkle.
You feel drowsy...
You fall asleep.
The dream sheep misses you. The dream sheep bites you!
You wake up.
* * * LOW HITPOINT WARNING * * *
The dream sheep barely misses you. The dream sheep completely misses you.
The dream sheep ruffle their wool and motes of dream dust sparkle, to no effect.
The dream sheep shake their wool and sparkle.
You feel drowsy...
You fall asleep.
The dream sheep completely misses you. The dream sheep misses you.
The dream sheep completely misses you. The dream sheep bites you!
You die...

.................######.#### ###.
................###........# #.#
...#.#.....P###P#..........# ##.
...........########........## ##
............#..###..........# #
#.......#.......P#....^.....#
....>......................## #
#.......#.................#.# ##
................@.........######.
...............YYY.#........##...
...#.#..............##P.....#.#..
.................#.P##..#........
...................########P.....
..................## ###....P..
..P.##.........>.## #.......#.
######...........# #........#
##.......P.## #.........


You could see 3 dream sheep.

Vanquished Creatures
  A minotaur (Lab)
  6 hydras
  2 two-headed ogres (D:8)
  An ugly thing (D:5)
  5 black mambas
  9 elephants
  13 spiny frogs
  3 rime drakes
  5 komodo dragons
  2 polar bears (Lair:6)
  4 hornets (Lair:6)
  20 blink frogs
  3 slime creatures (D:7)
  8 dream sheep
  A snapping turtle (Lair:4)
  4 hippogriffs
  14 spriggans
  3 wyverns
  14 yaks
  A wraith (Ossuary)
  6 basilisks
  2 hungry ghosts (D:8)
  A naga (Lair:3)
  6 water moccasins
  3 orc warriors
  5 porcupines
  Purgy (D:4)
  7 black bears
  3 sky beasts
  6 ogres
  4 boggarts (Lair:6)
  2 phantoms
  6 centaurs
  23 wolves
  7 crocodiles
  2 big kobolds
  12 bullfrogs
  6 scorpions
  5 wights (D:8)
  A howler monkey (D:5)
  An electric eel (Lair:4)
  2 crimson imps
  8 jellies
  Crazy Yiuf (D:2)
  2 centaur skeletons
  6 hounds
  3 orc priests
  9 orc wizards
  2 iguanas
  6 worker ants
  A mummy (Ossuary)
  10 adders
  4 gnolls (D:7)
  A shadow imp (D:5)
  10 oozes
  An adder zombie (D:7)
  3 adder skeletons
  4 worms
  4 leopard geckos
  43 orcs
  A ball python (D:2)
  5 giant cockroaches
  5 goblins
  7 hobgoblins
  17 jackals
  3 quokkas
  3 bats
  4 frilled lizards
  8 gnoll skeletons (Ossuary)
  A jackal skeleton (D:5)
  18 kobolds
  3 kobold skeletons (Ossuary)
  14 orc skeletons (Ossuary)
  2 quokka zombies
  10 rats
  2 butterflies (D:3)
  2 fungi (D:4)
453 creatures vanquished.

Vanquished Creatures (others)
  A hornet (Lair:5)
  A quokka (D:4)
  3 fulminant prisms (Lair:6)
  25 fungi
  6 plants
  8 toadstools (D:7)
44 creatures vanquished.

Grand Total: 497 creatures vanquished

Notes
Turn   | Place    | Note
-------+----------+-------------------------------------------
     0 | D:1      | lyrx the Spriggan Enchanter began the quest for the Orb.
     0 | D:1      | Reached XP level 1. HP: 9/9 MP: 5/5
   680 | D:1      | Reached skill level 5 in Stealth
   818 | D:1      | Reached XP level 2. HP: 13/13 MP: 6/6
   828 | D:1      | Learned a level 2 spell: Ensorcelled Hibernation
  1576 | D:2      | Reached XP level 3. HP: 14/16 MP: 8/8
  1880 | D:2      | Found a runed door.
  1884 | D:2      | Noticed Crazy Yiuf
  1920 | D:2      | Killed Crazy Yiuf
  1920 | D:2      | Reached skill level 1 in Fighting
  1920 | D:2      | Reached XP level 4. HP: 22/22 MP: 4/9
  1992 | D:3      | Found a radiant altar of Vehumet.
  2130 | D:3      | Noticed a black bear
  2171 | D:3      | Killed a black bear
  2171 | D:3      | Reached skill level 6 in Stealth
  2171 | D:3      | Reached XP level 5. HP: 25/25 MP: 7/10
  2268 | D:3      | Found a shimmering altar of Xom.
  2762 | D:3      | Reached skill level 7 in Stealth
  3018 | D:4      | Noticed Purgy
  3020 | D:4      | Killed Purgy
  3020 | D:4      | Reached skill level 8 in Stealth
  3020 | D:4      | Reached XP level 6. HP: 30/30 MP: 11/11
  3881 | D:4      | Reached skill level 5 in Dodging
  4012 | D:4      | Found a white marble altar of Elyvilon.
  4550 | D:4      | Reached XP level 7. HP: 31/33 MP: 10/13
  4636 | D:5      | Entered Level 5 of the Dungeon
  4636 | D:5      | Found a stormy altar of Qazlal.
  4645 | D:5      | Reached skill level 9 in Stealth
  5075 | D:4      | Learned a level 3 spell: Confuse
  5126 | D:5      | Got an ichor-stained war axe
  5375 | D:5      | Reached skill level 1 in Ice Magic
  5405 | D:5      | Reached skill level 10 in Stealth
  5405 | D:5      | Reached XP level 8. HP: 39/39 MP: 11/15
  5713 | D:5      | Reached skill level 5 in Hexes
  5944 | D:5      | Found an iron altar of Okawaru.
  5947 | D:5      | Found an ornate altar of the Wu Jian Council.
  5950 | D:5      | Found a deep blue altar of Sif Muna.
  5970 | D:5      | Found a basalt altar of Yredelemnul.
  6067 | D:6      | Reached skill level 5 in Spellcasting
  6218 | D:6      | Noticed a white ugly thing
  6572 | D:5      | Killed a white ugly thing
  6572 | D:5      | Reached skill level 11 in Stealth
  6654 | D:7      | Noticed a hippogriff
  6675 | D:7      | Killed a hippogriff
  6836 | D:7      | Reached skill level 12 in Stealth
  6836 | D:7      | Reached XP level 9. HP: 41/42 MP: 16/19
  7144 | D:7      | Found a sand-covered staircase.
  7148 | Ossuary  | Entered an ossuary
  7219 | Ossuary  | Learned a level 3 spell: Dazzling Spray
  7360 | Ossuary  | Reached skill level 5 in Short Blades
  8270 | D:7      | Reached skill level 13 in Stealth
  8787 | D:7      | Found a staircase to the Ecumenical Temple.
 10132 | D:6      | Reached XP level 10. HP: 38/48 MP: 14/21
 10235 | D:6      | Reached skill level 14 in Stealth
 10556 | D:6      | Found an ancient bone altar of Kikubaaqudgha.
 11063 | D:6      | Learned a level 4 spell: Fulminant Prism
 11198 | D:8      | Noticed a two-headed ogre
 11322 | Temple   | Entered the Ecumenical Temple
 11418 | Temple   | Became a worshipper of Dithmenos the Shadowed
 12324 | D:8      | Found Zin's Purification Station.
 12326 | D:8      | Found a glowing silver altar of Zin.
 12530 | D:8      | Reached skill level 15 in Stealth
 12558 | D:8      | Reached * piety under Dithmenos
 12693 | D:8      | Killed a two-headed ogre
 12862 | D:8      | Found a staircase to the Lair.
 13035 | D:8      | Noticed a two-headed ogre
 13057 | D:8      | Killed a two-headed ogre
 13057 | D:8      | Reached skill level 16 in Stealth
 13203 | Lair:1   | Entered Level 1 of the Lair of Beasts
 13501 | Lair:1   | Reached XP level 11. HP: 52/52 MP: 24/24
 14420 | Lair:2   | Found a labyrinth entrance.
 14433 | Lab      | Entered a labyrinth
 14469 | Lab      | Noticed a minotaur
 14480 | Lab      | Killed a minotaur
 14488 | Lab      | Identified the Compendium of Bewitchment
 14495 | Lab      | Identified Idonk's Compendium of Dislocation
 14497 | Lab      | Got a polished short sword
 14714 | Lair:2   | Noticed a five-headed hydra
 14717 | Lair:2   | Killed a five-headed hydra
 14717 | Lair:2   | Reached skill level 17 in Stealth
 15012 | Lair:2   | Reached ** piety under Dithmenos
 15092 | Lair:2   | Noticed an eight-headed hydra
 15148 | Lair:2   | Killed an eight-headed hydra
 15767 | Lair:3   | Found a staircase to the Snake Pit.
 15825 | Lair:2   | Reached skill level 18 in Stealth
 16155 | Lair:2   | Reached skill level 10 in Hexes
 16207 | Lair:3   | Reached skill level 10 in Spellcasting
 16536 | Lair:2   | Reached XP level 12. HP: 45/56 MP: 23/27
 17272 | Lair:3   | Reached skill level 19 in Stealth
 18159 | Lair:3   | Reached *** piety under Dithmenos
 18555 | Lair:4   | Reached skill level 20 in Stealth
 18991 | Lair:4   | Found a staircase to the Shoals.
 19661 | Lair:5   | Noticed a five-headed hydra
 19669 | Lair:5   | Killed a five-headed hydra
 19756 | Lair:5   | Found a staircase to the Slime Pits.
 20173 | Lair:5   | Reached XP level 13. HP: 60/60 MP: 29/29
 20223 | Lair:5   | Reached skill level 21 in Stealth
 20696 | Lair:5   | Learned a level 6 spell: Darkness
 20697 | Lair:5   | Identified the +6 short sword "Zatokh" {pierce, Str+3 Int+2} (You found it in a labyrinth)
 20737 | Lair:5   | Gained mutation: Your movements are slightly less encumbered by armour. (ER -2) [mutagenic glow]
 20777 | Lair:5   | Gained mutation: You are dopey. (Int -2) [mutagenic glow]
 20959 | Lair:6   | Entered Level 6 of the Lair of Beasts
 21296 | Lair:6   | Reached **** piety under Dithmenos
 22702 | Lair:6   | Learned a level 2 spell: Sticks to Snakes
 23866 | Lair:6   | Paralysed by a hornet for 2 turns
 25003 | Lair:5   | Slain by a dream sheep

Skill      XL: |  1  2  3  4  5  6  7  8  9 10 11 12 13 |
---------------+----------------------------------------+-----
Stealth        | 5 6 8 10 12 13 16 18 20 21 | 21.9
Fighting       | 1 2 3 |  3.9
Spellcasting   | 3 4 6 8 10 11 12 | 12.4
Hexes          | 4 6 8 10 11 12 | 12.3
Short Blades   | 2 3 4 6 7 8 |  8.5
Dodging        | 4 5 6 7 8 9 |  9.1
Ice Magic      | 1 |  1.0
Evocations     | |  0.2

Action                   |  1- 3 |  4- 6 |  7- 9 | 10-12 | 13-15 || total
-------------------------+-------+-------+-------+-------+-------++-------
Melee: Dagger            |   249 |   289 |   121 |   169 |     8 ||   836
       Rapier            |       |       |   172 |       |       ||   172
       Short sword       |       |       |   215 |   246 |   196 ||   657
 Cast: Ensorcelled Hiber |     3 |    17 |    70 |   174 |    48 ||   312
       Confuse           |       |       |    28 |    60 |    79 ||   167
       Dazzling Spray    |       |       |     2 |       |     1 ||     3
       Fulminant Prism   |       |       |       |       |     3 ||     3
       Sticks to Snakes  |       |       |       |       |     1 ||     1
Invok: Shadow Step       |       |       |       |     1 |       ||     1
Evoke: Wand              |       |       |     3 |       |       ||     3
  Use: Scroll            |       |     9 |    13 |     3 |     4 ||    29
       Potion            |       |     1 |       |     1 |     3 ||     5
 Stab: Sleeping          |    11 |    19 |    36 |    98 |    28 ||   192
       Distracted        |     1 |       |     5 |     7 |     7 ||    20
       Confused          |       |       |    12 |    30 |    33 ||    75
  Eat: Ration            |       |     3 |     3 |     6 |     2 ||    14
Armor: Robe              |    65 |    41 |    27 |    15 |     6 ||   154
Dodge: Dodged            |   223 |   240 |   359 |   296 |   272 ||  1390
Block: Other             |       |     7 |    30 |    18 |    10 ||    65
       Reflection        |       |       |     1 |       |       ||     1
